 Dungeon Crawl Stone Soup version 0.22.0-13-g43fe8f2 (webtiles) character file.

23 mopl the Ruffian (level 3, 3/39 HPs)
             Began as a Formicid Transmuter on Aug 16, 2018.
             Quit the game on level 2 of the Dungeon.
             The game lasted 00:02:18 (1070 turns).

mopl the Ruffian (Formicid Transmuter)              Turns: 1070, Time: 00:02:19

Health: 3/39       AC: 21    Str: 11 (14) XL:     3   Next: 12%
Magic:  3/6        EV:  2    Int:  9 (12) God:
Gold:   44         SH:  0    Dex:  9 (12) Spells: 4/7 levels left

rFire    + + .     SeeInvis .     - Unarmed
rCold    + . .     Gourm    .   (no shield)
rNeg     + + +     Faith    .   (armour currently unavailable)
rPois    +         Spirit   .   (helmet unavailable)
rElec    +         Reflect  .   (cloak currently unavailable)
rCorr    +         Harm     .   (gloves currently unavailable)
MR       +....                  (boots currently unavailable)
Stlth    +.........             (no amulet)
HPRegen  0.13/turn              f - ring of protection from fire
MPRegen  0.10/turn              k - ring of protection from magic

@: lethally poisoned (3 -> -7), tree-form, resistant
A: permanent stasis, dig shafts and tunnels, four strong arms
a: no special abilities


You were on level 2 of the Dungeon.
You were hungry.
You were a tree.
You visited 1 branch of the dungeon, and saw 2 of its levels.

You collected 44 gold pieces.

Inventory:

Missiles
 a - 8 arrows
Armour
 b - a +0 robe (melded)
Jewellery
 f - a ring of protection from fire (left branch)
 k - a ring of protection from magic (right branch)
Scrolls
 h - a scroll of identify {unknown}
 j - a scroll of blinking {unknown}
Potions
 e - a potion of lignification {!q}
 g - a potion of flight
Comestibles
 d - 5 rations


   Skills:
 - Level 1.1 Fighting
 - Level 1.7 Dodging
 * Level 3.5 Unarmed Combat
 + Level 2.5 Spellcasting
 + Level 2.6 Transmutations


You had 4 spell levels left.
You knew the following spells:

 Your Spells              Type           Power        Failure   Level  Hunger
a - Beastly Appendage     Tmut           #.....       11%         1    ##.....
w - Sticks to Snakes      Tmut           #.......     16%         2    ###....

Your spell library contained the following spells:

 Spells                   Type           Power        Failure   Level  Hunger
 Spider Form              Tmut/Pois      #.........   50%         3    ####...
 Blade Hands              Tmut           #.........   96%         5    ######.
 Ice Form                 Ice/Tmut       #.......     88%         4    #####..


Dungeon Overview and Level Annotations

Branches:
Dungeon (2/15)

Altars:


Innate Abilities, Weirdness & Mutations

You cannot be hasted, slowed, berserked, paralysed or teleported.
You can dig through walls and to a lower floor.
Your four strong arms can wield two-handed weapons with a shield.
((You have a pair of large antennae on your head. (SInv)))


Message History

* * * LOW HITPOINT WARNING * * *
You feel sick.
It was a potion of flight.
Your roots keep you in place.
* * * LOW HITPOINT WARNING * * *
You feel sick.
It was a potion of berserk rage.
Your stasis prevents you from going berserk.
* * * LOW HITPOINT WARNING * * *
You feel sick.
It was a potion of degeneration.
There was something very wrong with that liquid.
You feel weakened.
You feel dopey.
You feel clumsy.
* * * LOW HITPOINT WARNING * * *
You feel sick.
It was a potion of resistance.
You feel protected.
* * * LOW HITPOINT WARNING * * *
You feel sick.
Okay, then.
Are you sure you want to abandon this character and quit the game? (Confirm with "yes".)

#....# #....#
.########....#
.......##....#
.......##....#
.......##....#
.......##.S..#
#..'♣...+ {
#.##....#
#.#####.##....#
#.......#######
....####..# #
#..# #..####
#.....# #...#.#


You could see a friendly ball python.

Vanquished Creatures
  An adder (D:2)
  2 giant cockroaches (D:1)
  2 goblins (D:1)
  A hobgoblin (D:1)
  A bat (D:1)
  2 frilled lizards (D:1)
  A kobold (D:1)
  A rat (D:1)
11 creatures vanquished.

Vanquished Creatures (collateral kills)
  A gnoll (D:1)
1 creature vanquished.

Grand Total: 12 creatures vanquished

Notes
Turn   | Place    | Note
-------+----------+-------------------------------------------
     0 | D:1      | mopl the Formicid Transmuter began the quest for the Orb.
     0 | D:1      | Reached XP level 1. HP: 15/15 MP: 3/3
   143 | D:1      | Reached XP level 2. HP: 19/21 MP: 3/5
   192 | D:2      | Learned a level 2 spell: Sticks to Snakes
   438 | D:1      | HP: 1/21 [gnoll/halberd (15)]
  1064 | D:2      | Reached XP level 3. HP: 6/26 MP: 2/6
  1070 | D:2      | Quit the game

Action                   || total
-------------------------++-------
Melee: Unarmed           ||    37
       Kick              ||     6
 Cast: Beastly Appendage ||     7
       Sticks to Snakes  ||     4
  Use: Potion            ||     5
Armor: Robe              ||     6
Dodge: Dodged            ||    30
